 Dungeon Crawl Stone Soup version 0.21-a0-273-g0785366 (webtiles) character file.

1463 Gagarin the Covered (level 8, -2/73 HPs)
             Began as a Minotaur Fighter on Sept 17, 2017.
             Was an Initiate of Makhleb.
             Slain by a wyvern (13 damage)
             ... on level 8 of the Dungeon.
             The game lasted 00:18:13 (5871 turns).

Gagarin the Covered (Minotaur Fighter)              Turns: 5871, Time: 00:18:13

Health: -2/73      AC: 10    Str: 26    XL:     8   Next: 48%
Magic:  8/8        EV:  8    Int:  6    God:    Makhleb [......]
Gold:   302        SH: 16    Dex:  9    Spells: 7/7 levels left

rFire    . . .     SeeInvis .   a - +1 long sword
rCold    . . .     Gourm    .   c - +0 shield
rNeg     + . .     Faith    .   b - +0 scale mail
rPois    .         Spirit   .   (helmet restricted)
rElec    .         Reflect  +   (no cloak)
rCorr    .         Harm     .   e - +1 pair of gloves {Str+3}
MR       .....                  (no boots)
Stlth    ..........             w - +5 amulet of reflection
HPRegen  0.22/turn              d - ring of flight
MPRegen  0.11/turn              D - ring of positive energy

@: no status effects
A: retaliatory headbutt, horns 2
a: Renounce Religion, Evoke Flight


You were on level 8 of the Dungeon.
You worshipped Makhleb.
Makhleb was noncommittal.
You were not hungry.

You visited 2 branches of the dungeon, and saw 9 of its levels.

You collected 302 gold pieces.

Inventory:

Hand Weapons
 a - a +1 long sword (weapon)
Missiles
 x - 9 javelins (quivered)
Armour
 b - a +0 scale mail (worn)
 c - a +0 shield (worn)
 e - a +1 pair of gloves of strength (worn)
Jewellery
 d - a ring of flight (left hand)
 o - an uncursed ring of ice
 w - a +5 amulet of reflection (around neck)
 D - a ring of positive energy (right hand)
Scrolls
 g - a scroll of enchant armour
 h - a scroll of amnesia
 j - a scroll of fear {unknown}
 k - a scroll of teleportation
 l - a scroll of enchant weapon
 n - 2 scrolls of identify
 p - a scroll of noise {unknown}
 r - a scroll of blinking {unknown}
 s - a scroll of immolation
 u - a scroll of random uselessness {unknown}
 y - a scroll of remove curse
 A - 2 scrolls of fog {unknown}
 B - a scroll of magic mapping {unknown}
Potions
 v - a potion of cancellation
 z - 2 potions of flight
Books
 C - a book of Battle

   Spells                             Type                      Level
   a - Infusion                       Charms                       1
   b - Shroud of Golubria             Charms/Translocation         2
   c - Song of Slaying                Charms                       2
   d - Spectral Weapon                Hexes/Charms                 3
   e - Regeneration                   Charms/Necromancy            3
Comestibles
 f - 7 bread rations
 m - 5 royal jellies
 t - 2 meat rations


   Skills:
 + Level 7.0 Fighting
 + Level 6.5 Long Blades
 + Level 1.2 Throwing
 + Level 7.2 Armour
 + Level 7.1 Shields
 - Level 2.0 Invocations


You had 7 spell levels left.
You didn't know any spells.

Dungeon Overview and Level Annotations

Branches:
Dungeon (8/15)             Temple (1/1) D:6
   Lair: D:8-11

Altars:
Ashenzari
Cheibriados
Dithmenos
Fedhas
Gozag
Kikubaaqudgha
Makhleb
Nemelex Xobeh
Qazlal
Sif Muna
Trog
Uskayaw
Vehumet
Wu Jian
Xom
Yredelemnul
Zin

Shops:
D:7 =

Annotations:
D:8 Grum


Innate Abilities, Weirdness & Mutations

You reflexively headbutt those who attack you in melee.
You have a pair of horns on your head.


Message History

You feel strangely unstable. The centaur barely misses you.
You furiously retaliate!
You headbutt the centaur. You block Grum's attack.
Your shield and scale mail prevent you from hitting Grum.
Your headbutt misses Grum.
Grum is almost dead.
You block the centaur's attack. Grum hits you with a spear.
* * * LOW HITPOINT WARNING * * *
The centaur hits you.
* * * LOW HITPOINT WARNING * * *
You closely miss Grum.
Grum is almost dead.
Your surroundings suddenly seem different.
A wyvern comes into view.
The wyvern hisses angrily.
Found a scroll of identify.
You slash the wyvern!
You headbutt the wyvern, but do no damage.
The wyvern is moderately wounded.
You block the wyvern's attack. The wyvern bites you!
You die...

##########
#........#
#........#
#..l.....#
#.@...?..#
#.........
#.........
#.........
#.........
#######...
... ..


You could see a wyvern.

Vanquished Creatures
  A hippogriff (D:6)
  The ghost of anet the Conjurer, an amateur DEWz (D:4)
  A sky beast (D:7)
  An ice beast (D:7)
  A slave (D:6)
  A wolf (D:8)
  2 bullfrogs
  4 scorpions
  3 crimson imps
  A jelly (D:5)
  2 orc priests
  2 hounds
  An orc wizard (D:3)
  4 worker ants
  An iguana (D:4)
  A hound skeleton (D:7)
  A worker ant zombie (D:7)
  5 adders
  A shadow imp (D:5)
  An ooze (D:3)
  An adder skeleton (D:7)
  2 worms (D:3)
  2 dart slugs
  2 leopard geckos
  12 orcs
  A ball python (D:1)
  2 bats
  17 giant cockroaches
  9 goblins
  6 hobgoblins
  5 kobolds
  2 quokkas
  8 frilled lizards
  A jackal zombie (D:5)
  A leopard gecko skeleton (D:4)
  2 rats
108 creatures vanquished.

Notes
Turn   | Place    | Note
-------+----------+-------------------------------------------
     0 | D:1      | Gagarin the Minotaur Fighter began the quest for the Orb.
     0 | D:1      | Reached XP level 1. HP: 19/19 MP: 0/0
   216 | D:1      | Reached XP level 2. HP: 25/27 MP: 1/1
   341 | D:1      | Found a sparkling altar of Nemelex Xobeh.
   629 | D:2      | Reached XP level 3. HP: 23/33 MP: 2/2
   830 | D:2      | Reached XP level 4. HP: 36/40 MP: 3/3
  1603 | D:3      | Found a snail-covered altar of Cheibriados.
  1623 | D:3      | Reached XP level 5. HP: 28/47 MP: 4/4
  1893 | D:3      | Reached skill level 5 in Shields
  2138 | D:3      | Reached skill level 5 in Fighting
  2345 | D:4      | Reached skill level 5 in Armour
  2703 | D:4      | Reached XP level 6. HP: 35/56 MP: 5/5
  3286 | D:4      | Noticed anet's ghost (amateur DEWz)
  3298 | D:4      | Killed anet's ghost
  3474 | D:5      | Entered Level 5 of the Dungeon
  3631 | D:5      | Noticed a slave
  3675 | D:5      | Reached skill level 5 in Long Blades
  3675 | D:5      | Reached XP level 7. HP: 62/62 MP: 6/6
  4173 | D:6      | Found a sparkling altar of Nemelex Xobeh.
  4190 | D:6      | Found a bloodstained altar of Trog.
  4190 | D:6      | Found a hide-covered altar of Uskayaw.
  4311 | D:6      | Found a deep blue altar of Sif Muna.
  4605 | D:6      | Found a staircase to the Ecumenical Temple.
  4614 | Temple   | Entered the Ecumenical Temple
  4710 | Temple   | Became a worshipper of Makhleb the Destroyer
  4898 | D:7      | Reached skill level 1 in Invocations
  4921 | D:7      | Noticed a hippogriff
  4947 | D:6      | Killed a hippogriff
  4947 | D:6      | Reached XP level 8. HP: 34/71 MP: 6/8
  5338 | D:7      | Found Dyuziepn's Jewellery Shop.
  5338 | D:7      | Noticed a two-headed ogre
  5745 | D:7      | Reached skill level 1 in Throwing
  5835 | D:8      | Noticed Grum
  5871 | D:8      | Slain by a wyvern

Vault maps used:
D:1:      lemuel_arrival_tunnels, st_stairs_5, nemelex_diamond_rough_becter
D:2:      minmay_roachtagon, first_bread, minmay_misc_feat_nine_boxes
D:3:      kennysheep_six_static_rooms, kennysheep_slug_shrine
D:5:      basic_altar, uniq_pikel
D:6:      led_sif_pool, grunt_temple_overflow_open, temple_statues
D:7:      serial_shops, shop
D:8:      uniq_grum
Temple:   nicolae_temple_hex_pool

Skill      XL: |  1  2  3  4  5  6  7  8 |
---------------+-------------------------+-----
Armour         | 4 5 6 7 |  7.2
Fighting       | 4 5 6 7 |  7.0
Shields        | 4 5 6 7 |  7.1
Long Blades    | 3 4 5 6 |  6.5
Invocations    | 1 2 |  2.0
Throwing       | 1 |  1.2

Action                   |  1- 3 |  4- 6 |  7- 9 || total
-------------------------+-------+-------+-------++-------
Melee: Long sword        |   101 |   131 |   164 ||   396
       Headbutt          |    13 |    17 |    18 ||    48
Throw: Javelin           |       |       |     2 ||     2
  Use: Potion            |       |     2 |     7 ||     9
       Scroll            |       |       |     9 ||     9
  Eat: Chunk             |       |     6 |     1 ||     7
       Meat ration       |       |     1 |     1 ||     2
Armor: Scale mail        |    49 |    48 |    47 ||   144
       Skin              |       |       |    47 ||    47
Dodge: Dodged            |    32 |    45 |    52 ||   129
Block: Shield            |    58 |    57 |   151 ||   266
       Reflection        |       |       |     1 ||     1
       Rpst.: Long sword |    11 |    11 |    12 ||    34

Table legend:
 A = Spawn XP
 B = Non-spawn XP
 C = Spawn XP percentage of total XP
 D = Spawn monster count
 E = Non-spawn monster count
 F = Spawn count percentage of total count
 G = Total turns spent on level
                    A         B        C        D         E        F      G
               +---------+---------+-------+---------+---------+-------+---------
         Total |       0 |    2090 |   0.0 |       0 |     107 |   0.0 |  5871
               +---------+---------+-------+---------+---------+-------+---------
           D:1 |       0 |      25 |   0.0 |       0 |      14 |   0.0 |   584
           D:2 |       0 |      89 |   0.0 |       0 |      33 |   0.0 |   765
           D:3 |       0 |     205 |   0.0 |       0 |      26 |   0.0 |   964
           D:4 |       0 |     292 |   0.0 |       0 |       6 |   0.0 |  1161
           D:5 |       0 |     200 |   0.0 |       0 |       7 |   0.0 |   296
           D:6 |       0 |     613 |   0.0 |       0 |      11 |   0.0 |  1263
           D:7 |       0 |     551 |   0.0 |       0 |       9 |   0.0 |   656
           D:8 |       0 |     115 |   0.0 |       0 |       1 |   0.0 |    62
               +---------+---------+-------+---------+---------+-------+---------
